3L
SEATTLE AVIATORS @ BUCKHEAD BOWTIES
08/09/2029
 
TOP OF THE 1ST
Seattle Aviators batting - Pitching for Buckhead Bowties : RHP Ron Manning
Pitching: RHP Ron Manning
Batting: LHB Jorge Ortíz 0-0: Ball
1-0: Ball
2-0: Called Strike
2-1: Swinging Strike
2-2: Foul Ball, location: 2F
2-2: Foul Ball, location: 2F
2-2: Ball
3-2: Strikes out swinging
Batting: RHB José Rodríguez 0-0: Ball
1-0: Called Strike
1-1: Ball
2-1: Called Strike
2-2: Ground out 6-3 (Groundball, 6)
Batting: LHB Jorge Mojica 0-0: Ball
1-0: Called Strike
1-1: Foul Ball, location: 2F
1-2: Ball
2-2: Ground out 5-3 (Groundball, 56S)
Top of the 1st over - 0 runs, 0 hits, 0 errors, 0 left on base; Seattle 0 - Buckhead 0
BOTTOM OF THE 1ST
Buckhead Bowties batting - Pitching for Seattle Aviators : LHP Bernie Sanders
Pitching: LHP Bernie Sanders
Batting: LHB José Valéncia 0-0: Foul Ball, location: 2F
0-1: Fly out, F9 (Flyball, 9S)
Batting: LHB Gregg Young 0-0: Ball
1-0: Ball
2-0: Foul Ball, location: 2F
2-1: Ball
3-1: Base on Balls
Batting: RHB Richard Jost 0-0: Ball
1-0: Foul Ball, location: 2F
1-1: Reached via error on a dropped throw, E3
Gregg Young to second
Batting: RHB Todd Sentell 0-0: Fielders Choice at 2nd, 3-6 (Groundball, 34)
Gregg Young to third
Batting: RHB Freddy Carea 0-0: Ball
1-0: Fielders Choice at 2nd, U6 (Groundball, 6M)
Bottom of the 1st over - 0 runs, 0 hits, 1 error, 2 left on base; Seattle 0 - Buckhead 0
TOP OF THE 2ND
Seattle Aviators batting - Pitching for Buckhead Bowties : RHP Ron Manning
Batting: LHB Kenny Webster 0-0: Foul Ball, location: 2F
0-1: Ball
1-1: Ball
2-1: Ball
3-1: Foul Ball, location: 2F
3-2: Reached on error, E6 (Groundball, 6)
Batting: RHB Patrick Eggen 0-0: Fly out, F7 (Flyball, 7D)
Batting: LHB Ignacio Martínez 0-0: Swinging Strike
0-1: Swinging Strike
0-2: Ball
1-2: Foul Ball, location: 2F
1-2: Ball
2-2: Fielders Choice at 2nd, 4-6 (Groundball, 4M)
Batting: LHB Pedro Corona 0-0: Ball
1-0: Ball
2-0: Foul Ball, location: 2F
2-1: SINGLE (Line Drive, 7S)
Ignacio Martínez to second
Batting: RHB Bobby Christopher 0-0: Fly out, F5 (Line Drive, 56)
Top of the 2nd over - 0 runs, 1 hit, 1 error, 2 left on base; Seattle 0 - Buckhead 0
BOTTOM OF THE 2ND
Buckhead Bowties batting - Pitching for Seattle Aviators : LHP Bernie Sanders
Batting: RHB Ricardo Cardenas 0-0: Called Strike
0-1: SINGLE (Groundball, 56S) (infield hit)
Batting: RHB Al Thomas 0-0: Foul Ball, location: 2F
0-1: Swinging Strike
0-2: Foul Ball, location: 2F
0-2: Strikes out swinging
Batting: RHB Mike Burns 0-0: Called Strike
0-1: Foul Ball, location: 2F
0-2: Foul Ball, location: 2F
0-2: Ball
1-2: Ball
2-2: SINGLE (Line Drive, 7S)
Ricardo Cardenas to second
Batting: RHB Mesa Altuve 0-0: Foul Ball, location: 2F
0-1: Ball
1-1: Ball
2-1: Ball
3-1: Grounds into double play, 4-6-3 (Groundball, 4)
Bottom of the 2nd over - 0 runs, 2 hits, 0 errors, 1 left on base; Seattle 0 - Buckhead 0
TOP OF THE 3RD
Seattle Aviators batting - Pitching for Buckhead Bowties : RHP Ron Manning
Batting: RHB Bartolo Rosas 0-0: Swinging Strike
0-1: Foul Ball, location: 2F
0-2: Ball
1-2: Strikes out swinging
Batting: LHB Jorge Ortíz 0-0: Ball
1-0: Ball
2-0: Foul Ball, location: 2F
2-1: Foul Ball, location: 2F
2-2: Ball
3-2: DOUBLE (Flyball, 78D)
Batting: RHB José Rodríguez 0-0: SINGLE (Line Drive, 89S)
Jorge Ortíz to third
Runner from 3rd tries for Home, SAFE, no throw
Batting: LHB Jorge Mojica 0-0: Ball
1-0: Ball
2-0: SINGLE (Groundball, 6) (infield hit)
José Rodríguez to second
Batting: LHB Kenny Webster 0-0: Grounds into double play, 4-6-3 (Groundball, 4)
Top of the 3rd over - 1 run, 3 hits, 0 errors, 1 left on base; Seattle 1 - Buckhead 0
BOTTOM OF THE 3RD
Buckhead Bowties batting - Pitching for Seattle Aviators : LHP Bernie Sanders
Batting: LHB José Valéncia 0-0: Ball
1-0: Ball
2-0: Swinging Strike
2-1: Foul Ball, location: 2F
2-2: Ground out 5-3 (Groundball, 5)
Batting: LHB Gregg Young 0-0: Ball
1-0: Fly out, F8 (Flyball, 89D)
Batting: RHB Richard Jost 0-0: Called Strike
0-1: Ground out 4-3 (Groundball, 4)
Bottom of the 3rd over - 0 runs, 0 hits, 0 errors, 0 left on base; Seattle 1 - Buckhead 0
TOP OF THE 4TH
Seattle Aviators batting - Pitching for Buckhead Bowties : RHP Ron Manning
Batting: RHB Patrick Eggen 0-0: Called Strike
0-1: Swinging Strike
0-2: Ball
1-2: Foul Ball, location: 2F
1-2: Strikes out swinging
Batting: LHB Ignacio Martínez 0-0: Ground out 4-3 (Groundball, 4S)
Batting: LHB Pedro Corona 0-0: Swinging Strike
0-1: Ball
1-1: Ball
2-1: Ball
3-1: Ground out 5-3 (Groundball, 5)
Top of the 4th over - 0 runs, 0 hits, 0 errors, 0 left on base; Seattle 1 - Buckhead 0
BOTTOM OF THE 4TH
Buckhead Bowties batting - Pitching for Seattle Aviators : LHP Bernie Sanders
Batting: RHB Todd Sentell 0-0: Swinging Strike
0-1: Ball
1-1: Ball
2-1: Fly out, F8 (Flyball, 8RS)
Batting: RHB Freddy Carea 0-0: Called Strike
0-1: Ball
1-1: Ground out 5-3 (Groundball, 56S)
Batting: RHB Ricardo Cardenas 0-0: Ball
1-0: Ball
2-0: Foul Ball, location: 2F
2-1: Ball
3-1: Base on Balls
Batting: RHB Al Thomas 0-0: Ball
1-0: Ball
2-0: Foul Ball, location: 2F
2-1: Ball
3-1: Ground out 1-3 (Groundball, P)
Bottom of the 4th over - 0 runs, 0 hits, 0 errors, 1 left on base; Seattle 1 - Buckhead 0
TOP OF THE 5TH
Seattle Aviators batting - Pitching for Buckhead Bowties : RHP Ron Manning
Batting: RHB Bobby Christopher 0-0: Fly out, F4 (Line Drive, 4)
Batting: RHB Bartolo Rosas 0-0: Ground out 5-3 (Groundball, 5)
Batting: LHB Jorge Ortíz 0-0: Called Strike
0-1: Foul Ball, location: 2F
0-2: Ball
1-2: Ball
2-2: Ball
3-2: Foul Ball, location: 2F
3-2: SINGLE (Line Drive, 56)
Batting: RHB José Rodríguez 0-0: Ball
1-0: Called Strike
1-1: Ball
2-1: Fielders Choice at 2nd, 5-4 (Groundball, 5)
Top of the 5th over - 0 runs, 1 hit, 0 errors, 1 left on base; Seattle 1 - Buckhead 0
BOTTOM OF THE 5TH
Buckhead Bowties batting - Pitching for Seattle Aviators : LHP Bernie Sanders
Batting: RHB Mike Burns 0-0: Ball
1-0: Ball
2-0: Ball
3-0: Called Strike
3-1: SINGLE (Line Drive, 6M)
Batting: RHB Mesa Altuve 0-0: Ball
1-0: Called Strike
1-1: Sac Bunt - play at first, batter OUT! 1-3
Mike Burns to second
Batting: LHB José Valéncia 0-0: Foul Ball, location: 2F
0-1: Ball
1-1: Ground out 4-3 (Groundball, 4)
Mike Burns to third
Batting: LHB Gregg Young 0-0: Ball
1-0: Called Strike
1-1: Ball
2-1: Called Strike
2-2: Fly out, F2 (Popup, 25F)
Bottom of the 5th over - 0 runs, 1 hit, 0 errors, 1 left on base; Seattle 1 - Buckhead 0
TOP OF THE 6TH
Seattle Aviators batting - Pitching for Buckhead Bowties : RHP Ron Manning
Batting: LHB Jorge Mojica 0-0: Called Strike
0-1: Fly out, F3 (Popup, 3)
Batting: LHB Kenny Webster 0-0: Ball
1-0: Ball
2-0: Foul Ball, location: 2F
2-1: Ball
3-1: Called Strike
3-2: Fly out, F8 (Flyball, 8RM)
Batting: RHB Patrick Eggen 0-0: Swinging Strike
0-1: Ball
1-1: Swinging Strike
1-2: Ball
2-2: Foul Ball, location: 2F
2-2: Ball
3-2: Strikes out swinging
Top of the 6th over - 0 runs, 0 hits, 0 errors, 0 left on base; Seattle 1 - Buckhead 0
BOTTOM OF THE 6TH
Buckhead Bowties batting - Pitching for Seattle Aviators : LHP Bernie Sanders
Batting: RHB Richard Jost 0-0: Ball
1-0: Ground out 3-1 (Groundball, 34)
Batting: RHB Todd Sentell 0-0: Ground out 4-3 (Groundball, 4)
Batting: RHB Freddy Carea 0-0: Ball
1-0: Foul Ball, location: 2F
1-1: Fly out, F8 (Flyball, 8LM)
Bottom of the 6th over - 0 runs, 0 hits, 0 errors, 0 left on base; Seattle 1 - Buckhead 0
TOP OF THE 7TH
Seattle Aviators batting - Pitching for Buckhead Bowties : RHP Ron Manning
Pitching: RHP Kyle Buckman
Batting: LHB Ignacio Martínez 0-0: Called Strike
0-1: Ball
1-1: Fly out, F5 (Popup, 15)
Batting: LHB Pedro Corona 0-0: Ball
1-0: Ground out 4-3 (Groundball, 4)
Batting: RHB Bobby Christopher 0-0: Called Strike
0-1: Ball
1-1: Ball
2-1: Fly out, F7 (Flyball, 7S)
Top of the 7th over - 0 runs, 0 hits, 0 errors, 0 left on base; Seattle 1 - Buckhead 0
BOTTOM OF THE 7TH
Buckhead Bowties batting - Pitching for Seattle Aviators : LHP Bernie Sanders
Batting: RHB Ricardo Cardenas 0-0: Called Strike
0-1: SINGLE (Line Drive, 7S)
Batting: RHB Al Thomas 0-0: Called Strike
0-1: Swinging Strike
0-2: Strikes out swinging
Pinch Hitting: RHB Raúl Ruíz 0-0: Ball
1-0: Ball
2-0: Ball
3-0: Called Strike
3-1: Foul Ball, location: 2F
3-2: Strikes out swinging
Batting: RHB Mesa Altuve 0-0: Foul Ball, location: 2F
0-1: Ball
1-1: Ball
2-1: Fly out, F6 (Line Drive, 56D)
Bottom of the 7th over - 0 runs, 1 hit, 0 errors, 1 left on base; Seattle 1 - Buckhead 0
TOP OF THE 8TH
Seattle Aviators batting - Pitching for Buckhead Bowties : RHP Kyle Buckman
Now at 2B: Raúl Ruíz
Batting: RHB Bartolo Rosas 0-0: Ball
1-0: Called Strike
1-1: Foul Ball, location: 2F
1-2: Ball
2-2: Ball
3-2: Strikes out looking
Batting: LHB Jorge Ortíz 0-0: Swinging Strike
0-1: Ball
1-1: Ball
2-1: Ball
3-1: Foul Ball, location: 2F
3-2: Strikes out looking
Batting: RHB José Rodríguez 0-0: Ball
1-0: Swinging Strike
1-1: Fly out, F7 (Flyball, 78M)
Top of the 8th over - 0 runs, 0 hits, 0 errors, 0 left on base; Seattle 1 - Buckhead 0
BOTTOM OF THE 8TH
Buckhead Bowties batting - Pitching for Seattle Aviators : LHP Bernie Sanders
Batting: LHB José Valéncia 0-0: Ball
1-0: Swinging Strike
1-1: Foul Ball, location: 2F
1-2: Ball
2-2: Ball
3-2: Base on Balls
Batting: LHB Gregg Young 0-0: Bunted foul
0-1: Bunted foul
0-2: Foul Ball, location: 2F
0-2: Ball
1-2: Fly out, F9 (Flyball, 89D)
Batting: RHB Richard Jost 0-0: Called Strike
0-1: Ball
1-1: Ball
2-1: Ball
3-1: 2-RUN HOME RUN (Flyball, 7LD), Distance : 360 ft
Batting: RHB Todd Sentell 0-0: Called Strike
0-1: Fly out, F3 (Line Drive, 34)
Batting: RHB Freddy Carea 0-0: Foul Ball, location: 2F
0-1: Fly out, F7 (Flyball, 7LS)
Bottom of the 8th over - 2 runs, 1 hit, 0 errors, 0 left on base; Seattle 1 - Buckhead 2
TOP OF THE 9TH
Seattle Aviators batting - Pitching for Buckhead Bowties : RHP Kyle Buckman
Batting: LHB Jorge Mojica 0-0: Foul Ball, location: 2F
0-1: Ball
1-1: Foul Ball, location: 2F
1-2: Strikes out looking
Batting: LHB Kenny Webster 0-0: Ball
1-0: Called Strike
1-1: Ball
2-1: Ball
3-1: Swinging Strike
3-2: Base on Balls
Pitching: LHP Ramón Torres
Pinch Runner at 1st Enrique Ibarra:
Pinch Hitting: RHB Seon-keun Kim 0-0: Called Strike
0-1: Ground out 5-3 (Groundball, 56S)
Enrique Ibarra to second
Batting: LHB Ignacio Martínez 0-0: Called Strike
0-1: Ball
1-1: SINGLE (Line Drive, 34)
Enrique Ibarra to third
Runner from 3rd tries for Home, SAFE, no throw
Batting: LHB Pedro Corona 0-0: Ball
1-0: Called Strike
1-1: Fly out, F8 (Flyball, 8LM)
Top of the 9th over - 1 run, 1 hit, 0 errors, 1 left on base; Seattle 2 - Buckhead 2
BOTTOM OF THE 9TH
Buckhead Bowties batting - Pitching for Seattle Aviators : LHP Bernie Sanders
Now at 1B: Enrique Ibarra
Now in RF: Seon-keun Kim
Batting: RHB Ricardo Cardenas 0-0: Swinging Strike
0-1: Foul Ball, location: 2F
0-2: Ball
1-2: Foul Ball, location: 2F
1-2: Ground out 6-3 (Groundball, 6)
Batting: RHB Al Thomas 0-0: Called Strike
0-1: Called Strike
0-2: Ball
1-2: Ball
2-2: Fly out, F8 (Flyball, 8RM)
Batting: RHB Raúl Ruíz 0-0: Ball
1-0: Ground out 4-3 (Groundball, 4M)
Bottom of the 9th over - 0 runs, 0 hits, 0 errors, 0 left on base; Seattle 2 - Buckhead 2
TOP OF THE 10TH
Seattle Aviators batting - Pitching for Buckhead Bowties : LHP Ramón Torres
Batting: RHB Bobby Christopher 0-0: Foul Ball, location: 2F
0-1: Ball
1-1: Ball
2-1: Ground out 3-1 (Groundball, 34S)
Batting: RHB Bartolo Rosas 0-0: Called Strike
0-1: Ball
1-1: Called Strike
1-2: Foul Ball, location: 2F
1-2: Strikes out swinging
Batting: LHB Jorge Ortíz 0-0: Foul Ball, location: 2F
0-1: Ball
1-1: Ball
2-1: Foul Ball, location: 2F
2-2: Ball
3-2: SINGLE (Line Drive, 89S)
Batting: RHB José Rodríguez 0-0: Fly out, F7 (Flyball, 7D)
Top of the 10th over - 0 runs, 1 hit, 0 errors, 1 left on base; Seattle 2 - Buckhead 2
BOTTOM OF THE 10TH
Buckhead Bowties batting - Pitching for Seattle Aviators : LHP Bernie Sanders
Batting: RHB Mesa Altuve 0-0: Fly out, F7 (Flyball, 7LSF)
Batting: LHB José Valéncia 0-0: Ball
1-0: Called Strike
1-1: Hit by Pitch
Pitching: RHP John Woods
Batting: LHB Gregg Young 0-0: Ball
Passed Ball!
José Valéncia to second
1-0: Called Strike
1-1: Ground out U3 (Groundball, 3)
José Valéncia to third
Batting: RHB Richard Jost 0-0: Intentional Walk
Batting: RHB Todd Sentell 0-0: Ball
1-0: Called Strike
1-1: Ball
2-1: Swinging Strike
2-2: Strikes out swinging
Bottom of the 10th over - 0 runs, 0 hits, 0 errors, 2 left on base; Seattle 2 - Buckhead 2
TOP OF THE 11TH
Seattle Aviators batting - Pitching for Buckhead Bowties : LHP Ramón Torres
Batting: LHB Jorge Mojica 0-0: Called Strike
0-1: Called Strike
0-2: Ball
1-2: Foul Ball, location: 2F
1-2: Ground out 4-3 (Groundball, 4)
Batting: RHB Enrique Ibarra 0-0: Ball
1-0: Foul Ball, location: 2F
1-1: Foul Ball, location: 2F
1-2: Ball
2-2: Ground out 6-3 (Groundball, 6)
Batting: RHB Seon-keun Kim 0-0: Ball
1-0: Swinging Strike
1-1: Foul Ball, location: 2F
1-2: SINGLE (Flyball, 89S)
Batting: LHB Ignacio Martínez 0-0: Called Strike
0-1: Fielders Choice at 2nd, 6-4 (Groundball, 6)
Top of the 11th over - 0 runs, 1 hit, 0 errors, 1 left on base; Seattle 2 - Buckhead 2
BOTTOM OF THE 11TH
Buckhead Bowties batting - Pitching for Seattle Aviators : RHP John Woods
Pitching: LHP Yajirobei Otomo
Batting: RHB Freddy Carea 0-0: Ball
1-0: Ball
2-0: Called Strike
2-1: Swinging Strike
2-2: Foul Ball, location: 2F
2-2: Strikes out swinging
Batting: RHB Ricardo Cardenas 0-0: Ball
1-0: Ball
2-0: Ball
3-0: Called Strike
3-1: Foul Ball, location: 2F
3-2: Foul Ball, location: 2F
3-2: Foul Ball, location: 2F
3-2: Base on Balls
Batting: RHB Al Thomas 0-0: Ground out 5-3 (Groundball, 5S)
Ricardo Cardenas to second
Batting: RHB Raúl Ruíz 0-0: Intentional Walk
Batting: RHB Mesa Altuve 0-0: Ball
1-0: Called Strike
1-1: Ball
2-1: Ball
3-1: Foul Ball, location: 2F
3-2: SINGLE (Groundball, 56D)
Ricardo Cardenas to third
Raúl Ruíz to second
Ricardo Cardenas scores
Tuesday, December 19th, 2017 - OOTP Baseball 18.8 Build 76